 Dungeon Crawl Stone Soup version 0.29.0-4-gdea44cf6ec (webtiles) character file.

Game seed: 13332396893069065403

90 qw the Chopper (level 4, -1/26 HPs)
             Began as a Tengu Warper on Aug 28, 2022.
             Slain by a black bear (4 damage)
             ... on level 4 of the Dungeon.
             The game lasted 00:00:14 (2779 turns).

qw the Chopper (Tengu Warper)                       Turns: 2779, Time: 00:00:15

Health: -1/26      AC:  6    Str: 14    XL:     4   Next: 56%
Magic:  8/8        EV:  9    Int: 13    God:
Gold:   133        SH:  0    Dex: 13    Spells: 7/7 levels left

rFire   . . .      SeeInvis .   b - +0 war axe
rCold   . . .      Faith    .   (no shield)
rNeg    . . .      Spirit   .   j - +0 scale mail
rPois   .          Reflect  .   (helmet restricted)
rElec   .          Harm     .   (no cloak)
rCorr   .          Rampage  .   (no gloves)
Will    .....                   (boots unavailable)
Stlth   ..........              h - amulet of regeneration
HPRegen 0.88/turn               (no ring)
MPRegen 0.11/turn               (no ring)

@: about to teleport
A: beak, talons 3
a: no special abilities


You were on level 4 of the Dungeon.
You visited 1 branch of the dungeon, and saw 4 of its levels.

You collected 133 gold pieces.


Innate Abilities, Weirdness & Mutations

You have a beak for a mouth.
You have claws for feet.


   Skills:
 - Level 2.0 Fighting
 + Level 5.1 Axes
 - Level 1.0 Throwing
 - Level 1.1 Armour
 - Level 2.1 Dodging
 - Level 2.0 Spellcasting
 - Level 2.4 Translocations


You had 7 spell levels left.
You didn't know any spells.
Your spell library contained the following spells:

 Spells                   Type           Power      Damage    Failure   Level
 Blink                    Tloc           14%        N/A       54%         2
 Gell's Gravitas          Tloc           7%         N/A       77%         3
 Lesser Beckoning         Tloc           7%         N/A       77%         3
 Teleport Other           Tloc           7%         N/A       77%         3
 Manifold Assault         Tloc           7%         N/A       100%        5

Inventory:

Hand Weapons
 b - a +0 war axe (weapon)
 d - a +0 mace
Armour
 j - a +0 scale mail (worn)
Jewellery
 h - an amulet of regeneration (around neck)
Scrolls
 a - 3 scrolls of identify
 k - 5 scrolls of vulnerability {unknown}
Potions
 c - a potion of lignification {unknown}
 e - a potion of invisibility {unknown}
 f - a potion of might
 g - a potion of curing
 i - a potion of heal wounds
 m - a potion of degeneration {unknown}

Dungeon Overview and Level Annotations

Branches:
Dungeon (4/15)
 Temple: D:4-7

Altars:
Gozag


Message History

You kill the giant cockroach!
Things that are here:
a +0 dagger; a giant cockroach corpse A black bear comes into view.
The black bear growls angrily.
An endoplasm comes into view.
You slash the black bear!
You peck the black bear, but do no damage.
The black bear is moderately wounded.
The black bear bites you.
The black bear claws you but does no damage. x2
The black bear bites you.
The black bear claws you but does no damage.
The black bear barely misses you.
You hit the black bear but do no damage.
The black bear is moderately wounded.
The black bear bites you.
The black bear claws you but does no damage.
The black bear closely misses you.
You hit the black bear. You claw the black bear.
The black bear is heavily wounded.
The black bear bites you. The black bear barely misses you.
The black bear claws you.
You hit the black bear but do no damage.
The black bear is heavily wounded.
The black bear bites you.
The black bear claws you but does no damage. x2
You closely miss the black bear.
The black bear is heavily wounded.
The black bear bites you!
The black bear claws you but does no damage.
The black bear claws you.
The endoplasm jiggles.
The black bear barely misses you. The black bear claws you. x2
2779 ||| READING scroll of teleportation.
As you read the scroll of teleportation, it crumbles to dust.
You feel strangely unstable.
The black bear bites you but does no damage.
The black bear claws you.
You die...

#. #.......#.... #.
#........%... #.
#............ #.##
#............
###..####.#####......
#.......).# #......
#.##.###### #......
#.# ##..... #@#
##.... #h# ###.. #J!
#.# .... #.. ##...
#.# .... .. ..### ...


You could see a black bear and an endoplasm.

Vanquished Creatures
  4 adders
  2 worms
  2 dart slugs
  An orc (D:4)
  3 bats
  3 endoplasms
  7 giant cockroaches
  6 goblins
  2 hobgoblins (D:1)
  4 quokkas
  4 ball pythons
  A frilled lizard (D:3)
  3 rats
42 creatures vanquished.

Notes
Turn   | Place    | Note
-------+----------+-------------------------------------------
     0 | D:1      | qw the Tengu Warper began the quest for the Orb.
     0 | D:1      | Reached XP level 1. HP: 12/12 MP: 4/4
     0 | D:1      | 0 ||| qw: Version: 0.1-a-89-g26bdef1
     0 | D:1      | 0 ||| qw: Game counter: 107
     0 | D:1      | 0 ||| qw: Always use a shield: true
     0 | D:1      | 0 ||| qw: God list: Okawaru
     0 | D:1      | 0 ||| qw: Allow faded altars: false
     0 | D:1      | 0 ||| qw: Do Orc after D:15 true
     0 | D:1      | 0 ||| qw: Do second Lair branch before Depths: true
     0 | D:1      | 0 ||| qw: Lair rune preference: random
     0 | D:1      | 0 ||| qw: Plans: Normal
     0 | D:1      | 0 ||| PLANNING D:1-11
   125 | D:1      | 125 ||| Stepping ~*~*~tactically~*~*~ (stealth).
   126 | D:1      | 126 ||| Stepping ~*~*~tactically~*~*~ (stealth).
   171 | D:1      | Reached skill level 3 in Axes
   171 | D:1      | Reached XP level 2. HP: 7/17 MP: 6/6
   971 | D:1      | 971 ||| UPGRADING to +0 scale mail.
   981 | D:1      | 981 ||| DROPPING +0 leather armour.
   982 | D:1      | 982 ||| UPGRADING to amulet of regeneration.
   987 | D:1      | 987 ||| READING 4 scrolls labelled LYGUUSTI LIMEI.
   988 | D:1      | 988 ||| READING scroll labelled MUTHYOM HAGOZ.
   992 | D:1      | 992 ||| READING 3 scrolls of identify.
   992 | D:1      | 992 ||| IDENTIFYING emerald potion
   993 | D:1      | 993 ||| READING 2 scrolls of identify.
   993 | D:1      | 993 ||| IDENTIFYING red potion
   994 | D:1      | 994 ||| DROPPING scroll of blinking.
  1054 | D:2      | 1054 ||| Stepping ~*~*~tactically~*~*~ (stealth).
  1055 | D:2      | 1055 ||| Stepping ~*~*~tactically~*~*~ (stealth).
  1058 | D:2      | 1058 ||| Stepping ~*~*~tactically~*~*~ (stealth).
  1170 | D:2      | Reached XP level 3. HP: 21/21 MP: 7/7
  1217 | D:2      | Reached skill level 4 in Axes
  1233 | D:2      | Found an opulent altar of Gozag.
  1592 | D:2      | Reached XP level 4. HP: 26/26 MP: 8/8
  1609 | D:2      | 1609 ||| DROPPING amulet of the acrobat.
  1610 | D:2      | 1610 ||| READING scroll labelled ISEUNU TORYO.
  1611 | D:2      | 1611 ||| READING scroll labelled WANOGA ITTU.
  1612 | D:2      | 1612 ||| READING scroll labelled BEROIM LAROA.
  1613 | D:2      | 1613 ||| READING 4 scrolls of identify.
  1613 | D:2      | 1613 ||| IDENTIFYING silvery potion
  1614 | D:2      | 1614 ||| DROPPING potion of ambrosia.
  2165 | D:3      | 2165 ||| Stepping ~*~*~tactically~*~*~ (hiding).
  2174 | D:3      | Reached skill level 5 in Axes
  2614 | D:3      | 2614 ||| DROPPING +6 ring of intelligence.
  2615 | D:3      | 2615 ||| READING scroll labelled FUMOOG HAMO.
  2616 | D:3      | 2616 ||| READING scroll labelled ISHELU ODONEMP.
  2617 | D:3      | 2617 ||| DRINKING 2 metallic silvery potions.
  2618 | D:3      | 2618 ||| DRINKING 2 coppery potions.
  2619 | D:3      | 2619 ||| DROPPING potion of magic.
  2691 | D:4      | 2691 ||| STAIRDANCE
  2708 | D:4      | 2708 ||| SWAPPING to +0 war axe.
  2709 | D:4      | 2709 ||| DROPPING +0 hand axe.
  2768 | D:4      | Noticed a black bear
  2778 | D:4      | HP: 6/26 [black bear (3)]
  2778 | D:4      | HP: 2/26 [black bear (2)]
  2779 | D:4      | 2779 ||| READING scroll of teleportation.
  2779 | D:4      | Slain by a black bear

Levels and vault maps discovered:
D:1:      minmay_arrival_stone_box, layout_basic
D:2:      layout_loops_ring, basic_altar, chequers_mini_garden
D:3:      layout_loops_corners
D:4:      layout_rooms, tgw_sif, minmay_small_thing

Skill      XL: |  1  2  3  4 |
---------------+-------------+-----
Axes           | 3 4 5 |  5.1
Fighting       | |  2.0
Throwing       | |  1.0
Armour         | |  1.1
Dodging        | |  2.1
Spellcasting   | |  2.0
Translocations | |  2.4

Action                   |  1- 3 |  4- 6 || total
-------------------------+-------+-------++-------
Melee: Hand axe          |    81 |    39 ||   120
       Peck              |    12 |     5 ||    17
       Kick              |    13 |    12 ||    25
       Punch             |     1 |       ||     1
       War axe           |       |     8 ||     8
Throw: Boomerang         |     7 |       ||     7
  Use: Scroll            |     4 |     7 ||    11
       Potion            |       |     2 ||     2
Armor: Leather armour    |     7 |       ||     7
       Scale mail        |    22 |    21 ||    43
Dodge: Dodged            |    37 |    14 ||    51

Table legend:
 A = Non-vault XP
 B = Vault XP
 C = Vault XP percentage of total XP
 D = Non-vault monster count
 E = Vault monster count
 F = Vault count percentage of total count
                 A         B        C        D         E       F
            +---------+---------+-------+---------+---------+-------
      Total |     129 |       0 |   0.0 |      42 |       0 |   0.0
            +---------+---------+-------+---------+---------+-------
        D:1 |      23 |       0 |   0.0 |      13 |       0 |   0.0
        D:2 |      62 |       0 |   0.0 |      13 |       0 |   0.0
        D:3 |      37 |       0 |   0.0 |      12 |       0 |   0.0
        D:4 |       7 |       0 |   0.0 |       4 |       0 |   0.0
            +---------+---------+-------+---------+---------+-------
